 Dungeon Crawl Stone Soup version 0.21.1-1-g345015fe64 (webtiles) character file.

919 Htamos the Zephyrmancer (level 8, -1/41 HPs)
             Began as a Tengu Air Elementalist on July 10, 2018.
             Was an Initiate of Sif Muna.
             Slain by Dowan
             ... wielding a cursed -2 dagger
              (2 damage)
             ... on level 5 of the Dungeon.
             The game lasted 00:14:51 (6466 turns).

Htamos the Zephyrmancer (Tengu Air Elementalist)    Turns: 6466, Time: 00:14:51

Health: -1/41      AC:  3    Str:  8    XL:     8   Next: 9%
Magic:  17/17      EV: 11    Int: 19    God:    Sif Muna [......]
Gold:   265        SH:  0    Dex: 14    Spells: 16/17 levels left

rFire    . . .     SeeInvis .   u - +0 short sword (elec)
rCold    . . .     Gourm    .   (no shield)
rNeg     . . .     Faith    .   g - +0 leather armour
rPois    .         Spirit   .   (helmet restricted)
rElec    .         Reflect  .   (no cloak)
rCorr    .         Harm     .   (no gloves)
MR       .....                  (boots unavailable)
Stlth    +.........             (no amulet)
HPRegen  0.13/turn              (no ring)
MPRegen  0.15/turn              (no ring)

@: drained
A: beak, talons 3, able to fly 1
a: Fly, Renounce Religion


You were on level 5 of the Dungeon.
You worshipped Sif Muna.
Sif Muna was noncommittal.
You were not hungry.

You visited 2 branches of the dungeon, and saw 6 of its levels.

You collected 265 gold pieces.

Inventory:

Hand Weapons
 j - a +0 dagger
 u - a +0 short sword of electrocution (weapon)
Armour
 a - a +0 robe
 g - a +0 leather armour (worn)
 m - a +0 helmet
 B - a +2 leather armour of fire resistance
Jewellery
 d - an uncursed ring of ice {unknown}
Wands
 v - a wand of scattershot (4)
Scrolls
 e - 2 scrolls of noise {unknown}
 i - 2 scrolls of enchant weapon {unknown}
 n - 2 scrolls of identify {unknown}
 p - a scroll of fog {unknown}
 q - a scroll of magic mapping {unknown}
 r - 2 scrolls of immolation {unknown}
 s - 3 scrolls of remove curse
 x - a scroll of fear {unknown}
 y - a scroll of teleportation {unknown}
Potions
 f - a potion of curing
 h - a potion of might
 k - 4 potions of flight
 t - a potion of agility {unknown}
 w - a potion of haste {unknown}
 z - a potion of lignification {unknown}
Books
 b - a book of Air

   Spells                             Type                      Level
   a - Shock                          Conjuration/Air              1
   b - Swiftness                      Charms/Air                   2
   c - Static Discharge               Conjuration/Air              3
   d - Airstrike                      Air                          4
   e - Lightning Bolt                 Conjuration/Air              5
Comestibles
 c - 10 rations
 A - a chunk of flesh


   Skills:
 + Level 1.4(0.6) Short Blades
 - Level 2.1(1.3) Dodging
 - Level 2.0(1.1) Stealth
 + Level 5.4(4.5) Spellcasting
 - Level 1.3(0.5) Conjurations
 + Level 9.7(8.7) Air Magic


You had 16 spell levels left.
You knew the following spells:

 Your Spells              Type           Power        Failure   Level  Hunger
a - Shock                 Conj/Air       ###.         2%          1    None


Dungeon Overview and Level Annotations

Branches:
Dungeon (5/15)             Temple (1/1) D:5

Altars:
Ashenzari
Cheibriados
Dithmenos
Elyvilon
Fedhas
Hepliaklqana
Kikubaaqudgha
Makhleb
Nemelex Xobeh
Qazlal
Ru
Sif Muna
Uskayaw
Wu Jian
Xom
Yredelemnul
The Shining One

Annotations:
D:5 Dowan, Duvessa


Innate Abilities, Weirdness & Mutations

You have a beak for a mouth.
You have claws for feet.
You can fly.


Message History

You hit Duvessa. Lightning courses through Duvessa!
Duvessa is heavily wounded.
Dowan smirks and points a slender finger.
Duvessa completely misses you.
It was a potion of invisibility.
You fade into invisibility!
Dowan hits you with a dagger.
* * * LOW HITPOINT WARNING * * *
Duvessa closely misses you.
You are very lightly contaminated with residual magic.
It was a potion of cancellation.
Your magical effects are unravelling.
You feel magically purged.
Your magical contamination has completely faded away.
You float gracefully downwards.
You flicker back into view.
You feel a little less mighty now. Duvessa hits you with a short sword!
* * * LOW HITPOINT WARNING * * *
Dowan hits you with a dagger.
You die...

........#.## #.# ##..#..##....#
...........# #.# #....###....#
...........## ##.#####..## ##...#
............###...#....## #...#
..............#........## ##..#
................######..### #..#
...........###..# #....####...
...........# ##e## #.......##.>
...........# #e@# ##...........
...........# #..# #............
...........# ##.####............
......e....# ##...#........._...
..........#####.....#######......
.........ยง##........# #......
........#....##.....# #####..
..........######....# ##.
..........# ##...# #..


You could see Duvessa and Dowan.

Vanquished Creatures
  Sigmund (D:4)
  Edmund (D:5)
  Menkaure (D:4)
  Blork the orc (D:4)
  2 scorpions (D:5)
  A hound (D:5)
  An orc priest (D:4)
  An orc wizard (D:4)
  Ijyb (D:4)
  A hound skeleton (D:4)
  3 gnolls (D:3)
  6 adders
  3 worms (D:2)
  2 dart slugs
  2 leopard geckos
  16 orcs
  2 giant cockroaches
  9 goblins
  8 hobgoblins
  19 jackals
  12 kobolds
  6 quokkas
  A ball python (D:3)
  9 bats
  2 frilled lizards
  7 rats
118 creatures vanquished.

Notes
Turn   | Place    | Note
-------+----------+-------------------------------------------
     0 | D:1      | Htamos the Tengu Air Elementalist began the quest for the Orb.
     0 | D:1      | Reached XP level 1. HP: 10/10 MP: 4/4
   485 | D:1      | Reached XP level 2. HP: 15/15 MP: 3/6
   588 | D:1      | Reached skill level 5 in Air Magic
   928 | D:1      | Reached XP level 3. HP: 19/19 MP: 2/7
  1466 | D:2      | Reached skill level 6 in Air Magic
  1658 | D:2      | Reached XP level 4. HP: 24/24 MP: 4/8
  1913 | D:2      | Found a glowing golden altar of the Shining One.
  1915 | D:2      | Found a snail-covered altar of Cheibriados.
  3032 | D:3      | Reached skill level 7 in Air Magic
  3035 | D:3      | Gained mutation: You can fly. [Tengu growth]
  3035 | D:3      | Reached XP level 5. HP: 28/28 MP: 0/9
  3218 | D:3      | Found a stormy altar of Qazlal.
  4339 | D:4      | Noticed Menkaure
  4347 | D:4      | Killed Menkaure
  4347 | D:4      | Reached skill level 8 in Air Magic
  4347 | D:4      | Reached XP level 6. HP: 32/32 MP: 3/12
  4354 | D:4      | Noticed Ijyb
  4454 | D:4      | Killed Ijyb
  4565 | D:4      | Noticed Blork the orc
  5164 | D:4      | Killed Blork the orc
  5164 | D:4      | Reached XP level 7. HP: 32/36 MP: 5/14
  5611 | D:4      | Noticed Sigmund
  5620 | D:4      | Killed Sigmund
  5620 | D:4      | Reached skill level 9 in Air Magic
  5695 | D:5      | Entered Level 5 of the Dungeon
  5695 | D:5      | Noticed Duvessa
  5695 | D:5      | Noticed Dowan
  5760 | D:5      | Found a shadowy altar of Dithmenos.
  5784 | D:5      | Found a staircase to the Ecumenical Temple.
  5789 | D:5      | Reached skill level 1 in Short Blades
  5797 | Temple   | Entered the Ecumenical Temple
  5946 | Temple   | Became a worshipper of Sif Muna the Loreminder
  6000 | D:5      | Reached skill level 5 in Spellcasting
  6393 | D:5      | Noticed Edmund
  6405 | D:5      | Killed Edmund
  6405 | D:5      | Reached XP level 8. HP: 10/41 MP: 10/17
  6466 | D:5      | HP: 1/41 [Duvessa/short sword (11)]
  6466 | D:5      | Slain by Dowan

Skill      XL: |  1  2  3  4  5  6  7 |
---------------+----------------------+-----
Air Magic      | 5 6 7 8 9 |  9.7
Spellcasting   | 3 4 5 |  5.4
Short Blades   | 1 |  1.4
Dodging        | |  2.1
Stealth        | |  2.0
Conjurations   | |  1.3

Action                   |  1- 3 |  4- 6 |  7- 9 || total
-------------------------+-------+-------+-------++-------
Melee: Unarmed           |    13 |       |       ||    13
       Kick              |     7 |       |     1 ||     8
       Dagger            |    11 |     1 |       ||    12
       Peck              |       |     1 |     1 ||     2
       Short sword       |       |     3 |     9 ||    12
 Cast: Shock             |    74 |   195 |    72 ||   341
  Use: Potion            |       |       |     6 ||     6
       Scroll            |       |       |     1 ||     1
  Eat: Chunk             |     4 |    12 |     4 ||    20
Armor: Robe              |     2 |       |       ||     2
       Leather armour    |     9 |    13 |     3 ||    25
Dodge: Dodged            |    18 |    35 |    17 ||    70
